 Dungeon Crawl Stone Soup version 0.30-a0-1008-g30c9307041 (webtiles) character file.

Game seed: 10224843466667051228

240 Strat the Chopper (level 5, -2/45 HPs)
             Began as a Minotaur Berserker on Apr 5, 2023.
             Was a Believer of Trog.
             Slain by Sigmund
             ... wielding a +0 scythe
              (7 damage)
             ... on level 4 of the Dungeon.
             The game lasted 00:03:14 (1486 turns).

Strat the Chopper (Minotaur Berserker)              Turns: 1486, Time: 00:03:15

Health: -2/45      AC:  5    Str: 24    XL:     5   Next: 80%
Magic:  4/4        EV: 16    Int:  4    God:    Trog [**....]
Gold:   200        SH:  0    Dex:  9    Spells: 4/4 levels left

rFire   . . .      SeeInvis .    a - +0 hand axe
rCold   + . .      Faith    .    (no shield)
rNeg    . . .      Spirit   .    f - +0 leather armour
rPois   .          Reflect  .    (helmet restricted)
rElec   .          Rampage  .    (no cloak)
rCorr   .                        l - +0 pair of gloves
Will    .....                    n - +0 pair of boots
Stlth   +                        (no amulet)
HPRegen 0.27/turn                k - +5 ring of evasion
MPRegen 0.09/turn                t - ring of protection from cold

@: on berserk cooldown, slowed, very slow
A: horns 2, retaliatory headbutt
a: Renounce Religion, Berserk, Trog's Hand


You were on level 4 of the Dungeon.
You worshipped Trog.
Trog was pleased with you.
You visited 1 branch of the dungeon, and saw 4 of its levels.

You collected 200 gold pieces.

Inventory:

Hand Weapons
 a - a +0 hand axe (weapon)
Armour
 b - a +0 animal skin
 f - a +0 leather armour (worn)
 l - a +0 pair of gloves (worn)
 n - a +0 pair of boots (worn)
Jewellery
 k - a +5 ring of evasion (left hand)
 t - a ring of protection from cold (right hand)
Scrolls
 e - a scroll of teleportation {unknown}
 g - a scroll of magic mapping {unknown}
 h - a scroll of brand weapon {unknown}
 i - a scroll of noise {unknown}
 m - a scroll of fear {unknown}
Potions
 j - a potion of brilliance
 o - a potion of degeneration
 p - a potion of cancellation {unknown}
 q - a potion of lignification {unknown}
 r - 3 potions of curing {unknown}
 s - 2 potions of haste {unknown}


   Skills:
 - Level 3.6 Fighting
 + Level 7.0 Axes
 + Level 4.3 Armour
 - Level 2.1 Dodging


You had 4 spell levels left.
You didn't know any spells.
Your spell library was empty.

Dungeon Overview and Level Annotations

Branches:
Dungeon (4/15)
 Temple: D:4-7

Altars:

Annotations:
D:4 Sigmund


Innate Abilities, Weirdness & Mutations

You have a pair of horns on your head.
You reflexively headbutt those who attack you in melee.


Message History

* * * LOW HITPOINT WARNING * * *
You barely miss something. You slash something! Your headbutt misses something.
You miss something. Something barely misses you.
You barely miss something. You barely miss something.
Your headbutt misses something. Something barely misses you.
You closely miss something. You barely miss something.
You closely miss something.
You hear some strange, mumbled words.
You are confused.
You barely miss something. Your headbutt misses something.
You bump into the rock wall.
Something hits you!
* * * LOW HITPOINT WARNING * * *
You bump into the rock wall.
You feel a strong urge to attack something.
You are no longer berserk.
You are exhausted.
You feel yourself slow down. Something hits you.
* * * LOW HITPOINT WARNING * * *
You bump into the rock wall.
Something hits you but does no damage.
You bump into the rock wall.
You feel less confused.
You hear some strange, mumbled words.
You are confused.
You bump into the rock wall.
You hear some strange, mumbled words.
A magic dart appears from out of thin air!
The magic dart hits you.
* * * LOW HITPOINT WARNING * * *
Something hits you.
* * * LOW HITPOINT WARNING * * *
You bump into the rock wall.
Something barely misses you.
You miss something. Your headbutt misses something. Something hits you.
* * * LOW HITPOINT WARNING * * *
You bump into the rock wall.
You feel less confused. Something hits you!
You die...

#.# #.. ...#.#
####.###########.#
#.........# ..#
#.#..#.##.# ..#
#.#@.#.# ...#
#.#....# ...
#.#.##~# #
#.#.##.##.#
#@{.......#
######.######
#.##..<####
#.##.......
#@##...# #...@.#
#######


There were no monsters in sight!

Vanquished Creatures
  A sky beast (D:4)
  A scorpion (D:4)
  4 adders
  A dart slug (D:3)
  7 endoplasms
  A giant cockroach (D:2)
  6 goblins
  5 hobgoblins
  4 jackals (D:1)
  4 ball pythons
  9 bats
  4 kobolds
  4 rats
51 creatures vanquished.

Vanquished Creatures (others)
  A plant (D:4)
1 creature vanquished.

Grand Total: 52 creatures vanquished

Notes
Turn   | Place    | Note
-------+----------+-------------------------------------------
     0 | D:1      | Strat the Minotaur Berserker began the quest for the Orb.
     0 | D:1      | Reached XP level 1. HP: 19/19 MP: 0/0
    97 | D:1      | Reached skill level 4 in Axes
   295 | D:1      | Reached XP level 2. HP: 26/26 MP: 1/1
   426 | D:1      | Found a faded altar of an unknown god.
   677 | D:2      | Reached skill level 5 in Axes
   700 | D:2      | Reached ** piety under Trog
   701 | D:2      | Reached XP level 3. HP: 31/31 MP: 2/2
  1079 | D:3      | Reached skill level 6 in Axes
  1079 | D:3      | Reached XP level 4. HP: 39/39 MP: 3/3
  1376 | D:4      | Noticed a scorpion
  1384 | D:4      | Killed a scorpion
  1385 | D:4      | Reached XP level 5. HP: 29/45 MP: 4/4
  1405 | D:4      | Noticed a sky beast
  1412 | D:4      | Killed a sky beast
  1413 | D:4      | Reached skill level 7 in Axes
  1436 | D:4      | Noticed Sigmund
  1486 | D:4      | Slain by Sigmund

Illustrated notes

Levels and vault maps discovered:
D:1:      dpeg_arrival_pits, layout_basic, basic_ecumenical_altar,
          nrook_mini_backslash, minmay_misc_feat_roman
D:2:      layout_loops_cross
D:3:      layout_loops_corners
D:4:      layout_loops_cross, serial_bayou, serial_bayou_pond_e,
          serial_bayou_pond_e, serial_bayou_pond_d, serial_bayou_pond_c,
          serial_bayou_shore_b, uniq_sigmund

Skill      XL: |  1  2  3  4  5 |
---------------+----------------+-----
Axes           | 4 5 6 7 |  7.0
Armour         | 3 4 |  4.3
Fighting       | |  3.6
Dodging        | |  2.1

Action                     |  1- 3 |  4- 6 || total
---------------------------+-------+-------++-------
  Melee: Hand axe          |    76 |    35 ||   111
         Headbutt          |    11 |     5 ||    16
         Punch             |       |     1 ||     1
 Invoke: Berserk           |       |     2 ||     2
    Use: Scroll            |       |     3 ||     3
   Stab: Sleeping          |     1 |       ||     1
 Armour: Animal skin       |     6 |       ||     6
         Leather armour    |    14 |    11 ||    25
  Dodge: Dodged            |    56 |    21 ||    77

Table legend: (Time is in decaauts)
 A = Elapsed time spent in this place.
 B = Non-inter-level travel time spent in this place.
 C = Inter-level travel time spent in this place.
 D = Time resting spent in this place.
 E = Time spent auto-exploring this place.
 F = Levels seen in this place.
 G = Mean time per level.
                   A        B        C        D        E       F      G
               +--------+--------+--------+--------+--------+-----+--------+
         Total |   1496 |   1452 |     44 |      0 |   1047 |   4 |  374.0 |
       Dungeon |   1496 |   1452 |     44 |      0 |   1047 |   4 |  374.0 |
               +--------+--------+--------+--------+--------+-----+--------+

Top non-repeatable levels by time:
     D:1: 575 daAuts
     D:2: 404 daAuts
     D:3: 378 daAuts
     D:4: 137 daAuts
